 Dungeon Crawl Stone Soup version 0.25.1-2-g60ff931df9 (webtiles) character file.

Game seed: 15239424775774484236

637 Ijustatesigmund the Chopper (level 7, 0/50 HPs)
             Began as an Octopode Fighter on Sept 7, 2020.
             Slain by a centaur (5 damage)
             ... on level 5 of the Dungeon.
             The game lasted 00:07:11 (4386 turns).

Ijustatesigmund the Chopper (Octopode Fighter)      Turns: 4386, Time: 00:07:12

Health: 0/50       AC:  3    Str: 14 (15) XL:     7   Next: 50%
Magic:  7/7        EV: 12    Int: 14 (16) God:
Gold:   260        SH: 11    Dex: 13 (14) Spells: 6/6 levels left

rFire    . . .     SeeInvis .   a - +1 war axe
rCold    . . .     Gourm    .   b - +2 kite shield
rNeg     . . .     Faith    .   (helmet restricted)
rPois    .         Spirit   .   (no amulet)
rElec    .         Reflect  .   f - +6 ring of intelligence
rCorr    .         Harm     .   (no ring)
MR       .....                  (no ring)
Stlth    ++........             (no ring)
HPRegen  0.16/turn              (no ring)
MPRegen  0.10/turn              (no ring)
                                (no ring)
                                (no ring)

@: no status effects
A: almost no armour, stealthy swim, amphibious, 8 rings, constrict 8, icy blue
scales 1, camouflage 1, blink, gelatinous body 1
a: Blink


You were on level 5 of the Dungeon.
You were not hungry.

You visited 1 branch of the dungeon, and saw 5 of its levels.

You collected 260 gold pieces.

Inventory:

Hand Weapons
 a - a +1 war axe (weapon)
Missiles
 p - a throwing net (quivered)
Armour
 b - a +2 kite shield (worn)
Jewellery
 f - a +6 ring of intelligence (left tentacle)
Wands
 h - a wand of digging (4)
Scrolls
 j - a scroll of amnesia
 k - a scroll of teleportation
 o - a scroll of identify
Potions
 c - a potion of cancellation
 e - a potion of stabbing
 g - a potion of mutation
 l - a potion of resistance
 m - a potion of flight
 r - a potion of curing {unknown}
 t - a potion of brilliance {unknown}
Comestibles
 d - 10 rations


   Skills:
 + Level 5.1 Fighting
 + Level 5.6 Axes
 + Level 3.9 Dodging
 + Level 3.9 Shields
 + Level 1.2 Evocations


You had 6 spell levels left.
You didn't know any spells.
Your spell library was empty.

Dungeon Overview and Level Annotations

Branches:
Dungeon (5/15)
 Temple: D:4-7

Altars:
Ashenzari


Innate Abilities, Weirdness & Mutations

You cannot wear most types of armour.
You are very stealthy in the water. (Stealth+)
You are amphibious.
You can wear up to eight rings at the same time.
You can use your tentacles to constrict eight enemies at once.
Your skin changes colour to match your surroundings (Stealth+).
Your rubbery body absorbs attacks. (AC +1, EV +1)
You are partially covered in icy blue scales. (AC +2)
You can translocate small distances at will.


Message History

You are too injured to fight recklessly!
You are too injured to fight recklessly!
The centaur shoots an arrow.
You block the arrow.
You see here an arrow.
The centaur unwields a +0 shortbow.
The centaur hits you!
You hit the centaur.
You squeeze the centaur, but do no damage.
The centaur is lightly wounded.
The centaur hits you.
* * * LOW HITPOINT WARNING * * *
The centaur barely misses you.
You hit the centaur but do no damage. You squeeze the centaur!
The centaur is heavily wounded.
You block the centaur's attack. x2
You slash the centaur!
The centaur is almost dead.
The centaur hits you.
* * * LOW HITPOINT WARNING * * *
The centaur hits you.
You die...

#................. #...#
#............#.... .....#
##..##......####.. .... .
######.......# #. .#
#............ #
#.....##..>.#
##.....#....# #
###......#### #
###....@c.....# ....
#.....(........ ......
##...........## .......
#.............#........#
##(...........#.. .....#
#...............####..#
###..........#...##......
#.......)...###..#..###..
##....##.##.###.......#..


You could see a centaur.

Vanquished Creatures
  Sigmund (D:2)
  A crimson imp (D:5)
  A hound (D:4)
  2 orc priests (D:5)
  Crazy Yiuf (D:3)
  An orc wizard (D:5)
  Jessica (D:2)
  2 worker ants
  Natasha (thrice) (D:2)
  5 adders
  An ooze (D:2)
  An adder skeleton (D:5)
  A worm (D:2)
  5 dart slugs
  3 leopard geckos
  8 orcs
  A ball python (D:5)
  4 bats
  4 giant cockroaches
  7 goblins
  14 hobgoblins
  4 jackals (D:1)
  4 quokkas
  6 frilled lizards
  5 kobolds
  A leopard gecko skeleton (D:5)
  12 rats
99 creatures vanquished.

Notes
Turn   | Place    | Note
-------+----------+-------------------------------------------
     0 | D:1      | Ijustatesigmund the Octopode Fighter began the quest for
                  | the Orb.
     0 | D:1      | Reached XP level 1. HP: 16/16 MP: 1/1
   138 | D:1      | Reached XP level 2. HP: 8/21 MP: 2/2
   559 | D:1      | Found a shattered altar of Ashenzari.
   640 | D:1      | Reached XP level 3. HP: 18/26 MP: 3/3
  1343 | D:2      | Noticed Jessica
  1367 | D:2      | Noticed Sigmund
  1371 | D:2      | Killed Jessica
  1371 | D:2      | Reached XP level 4. HP: 30/33 MP: 4/4
  1377 | D:2      | Killed Sigmund
  1377 | D:2      | Reached skill level 5 in Axes
  1377 | D:2      | Reached XP level 5. HP: 14/38 MP: 5/5
  1377 | D:2      | Reached XP level 6. HP: 17/44 MP: 6/6
  1668 | D:2      | Noticed Natasha
  1674 | D:2      | Killed Natasha
  1771 | D:2      | Found a faded altar of an unknown god.
  1789 | D:2      | Noticed Natasha
  1793 | D:2      | Killed Natasha
  1811 | D:2      | Noticed Natasha
  1820 | D:2      | Killed Natasha
  2759 | D:3      | Found a runed translucent door.
  2760 | D:3      | Noticed Crazy Yiuf
  2769 | D:3      | Killed Crazy Yiuf
  3023 | D:4      | Reached XP level 7. HP: 34/49 MP: 7/7
  3278 | D:4      | Gained mutation: You are partially covered in icy blue
                  | scales. (AC +2) [potion of mutation]
  3278 | D:4      | Gained mutation: You can translocate small distances at
                  | will. [potion of mutation]
  3830 | D:5      | Entered Level 5 of the Dungeon
  3910 | D:5      | Reached skill level 5 in Fighting
  4149 | D:5      | Reached skill level 1 in Evocations
  4386 | D:5      | Slain by a centaur

Illustrated notes

Levels and vault maps discovered:
D:1:      wander_arrival_chamber, layout_basic, evilmike_ruin_ashenzari
D:2:      layout_rooms, nicolae_overflow_hidden_temple,
          chequers_ecumenical_altar_lobes, kennysheep_generic_room_6,
          uniq_sigmund, uniq_jessica, uniq_natasha
D:3:      layout_loops_ring, first_ration, uniq_crazy_yiuf_cottage
D:4:      layout_basic
D:5:      layout_cave_pools, minmay_temple_entry_waves, serial_shops,
          nicolae_shop_window_shopping, minmay_misc_feat_pillars,
          grunt_ministairs_12

Skill      XL: |  1  2  3  4  5  6  7 |
---------------+----------------------+-----
Axes           | 3 5 |  5.6
Fighting       | 4 5 |  5.1
Evocations     | 1 |  1.2
Dodging        | |  3.9
Shields        | |  3.9

Action                   |  1- 3 |  4- 6 |  7- 9 || total
-------------------------+-------+-------+-------++-------
Melee: War axe           |    60 |    73 |    37 ||   170
       Tentacles         |    11 |    18 |     9 ||    38
       Constrict         |    13 |    16 |    10 ||    39
Throw: Throwing net      |       |     1 |       ||     1
  Use: Potion            |     1 |     1 |     3 ||     5
       Scroll            |       |     9 |     7 ||    16
 Stab: Sleeping          |     7 |     8 |     3 ||    18
       Held in net/web   |       |     1 |       ||     1
  Eat: Chunk             |     1 |     5 |     5 ||    11
Armor: Skin              |     3 |     4 |     6 ||    13
Dodge: Dodged            |    27 |    25 |    16 ||    68
Block: Kite shield       |    23 |    20 |    26 ||    69
